 Dungeon Crawl Stone Soup version 0.29-a0-330-g52719c12eb (webtiles) character file.

Game seed: 16556032441586277447

1885 kae the Destroyer (level 9, -4/45 HPs)
             Began as a Tengu Fire Elementalist on Apr 23, 2022.
             Was an Initiate of Ashenzari.
             Slain by a human
             ... wielding a +0 mace
              (8 damage)
             ... on level 7 of the Dungeon.
             The game lasted 00:04:45 (8867 turns).

kae the Destroyer (Tengu Fire Elementalist)         Turns: 8867, Time: 00:04:46

Health: -4/45      AC: 10    Str:  9    XL:     9   Next: 14%
Magic:  7/19       EV: 17    Int: 20    God:    Ashenzari [......]
Gold:   264        SH:  0    Dex: 14    Spells: 6/20 levels left

rFire   . . .      SeeInvis .   n - +3 whip (elec)
rCold   . . .      Faith    .   (no shield)
rNeg    . . .      Spirit   .   g - +0 acid dragon scales
rPois   .          Reflect  .   (helmet restricted)
rElec   .          Harm     .   (no cloak)
rCorr   +          Rampage  .   (no gloves)
Will    .....                   (boots unavailable)
Stlth   ++........              (no amulet)
HPRegen 0.15/turn               l - +4 ring of evasion
MPRegen 0.16/turn               p - +4 ring of protection

@: flying quickly and evasively, quick
A: beak, talons 3, nimble flight
a: Renounce Religion, Curse Item


You were on level 7 of the Dungeon.
You worshipped Ashenzari.
Ashenzari was noncommittal.
You visited 2 branches of the dungeon, and saw 8 of its levels.

You collected 330 gold pieces.
You spent 66 gold pieces at shops.

Inventory:

Hand Weapons
 d - a +0 whip
 n - a +3 whip of electrocution (weapon)
Missiles
 m - a throwing net
Armour
 a - a +1 robe
 g - +0 acid dragon scales (worn)
 t - a +0 leather armour of poison resistance
Jewellery
 j - a ring of ice
 l - a +4 ring of evasion (left hand)
 p - a +4 ring of protection (right hand)
 u - an amulet of the acrobat
 y - an amulet of regeneration
Wands
 A - a wand of digging (9)
Scrolls
 c - 2 scrolls of teleportation
 e - a scroll of immolation
 k - a scroll of fog
 o - a scroll of fear
 x - a scroll of amnesia
Potions
 b - 3 potions of magic
 f - 4 potions of curing
 h - a potion of ambrosia {unknown}
 i - 2 potions of flight
 q - a potion of mutation {unknown}
 r - a potion of might {unknown}
 s - 2 potions of berserk rage {unknown}
 v - a potion of attraction {unknown}
 w - a potion of haste {unknown}
 z - a potion of cancellation {unknown}
 B - a potion of resistance {unknown}
 C - a potion of lignification {unknown}


   Skills:
 - Level 2.1 Dodging
 - Level 2.0 Stealth
 + Level 6.4 Spellcasting
 + Level 8.8 Conjurations
 + Level 8.0 Fire Magic


You had 6 spell levels left.
You knew the following spells:

 Your Spells              Type           Power      Damage    Failure   Level
a - Foxfire               Conj/Fire      100%       2x1d9     1%          1
b - Scorch                Fire           76%        2d9       1%          2
c - Conjure Flame         Conj/Fire      40%        6-21      1%          3
d - Inner Flame           Hex/Fire       22%        N/A       10%         3
e - Flame Wave            Conj/Fire      40%        2d9       5%          4
z - Freeze                Ice            24%        1d5       17%         1

Your spell library contained the following spells:

 Spells                   Type           Power      Damage    Failure   Level
 Slow                     Hex            24%        N/A       17%         1
 Summon Small Mammal      Summ           24%        N/A       17%         1
 Hailstorm                Conj/Ice       24%        3d7       26%         4
 Call Canine Familiar     Summ           6%         N/A       45%         3
 Confusing Touch          Hex            6%         N/A       45%         3
 Frozen Ramparts          Ice            12%        1d3       45%         3
 Portal Projectile        Hex/Tloc       12%        N/A       45%         3
 Summon Guardian Golem    Hex/Summ       6%         N/A       45%         3
 Vampiric Draining        Necr           6%         2d6       45%         3
 Blade Hands              Tmut           3%         N/A       99%         5
 Excruciating Wounds      Necr           3%         N/A       99%         5


Dungeon Overview and Level Annotations

Branches:
Dungeon (7/15)             Temple (1/1) D:6

Altars:
Ashenzari
Cheibriados
Dithmenos
Elyvilon
Fedhas
Gozag
Hepliaklqana
Kikubaaqudgha
Makhleb
Nemelex Xobeh
Okawaru
Qazlal
Ru
Sif Muna
Trog
Uskayaw
Vehumet
Wu Jian
Xom
Yredelemnul
Zin
The Shining One

Shops:
D:5 *   D:7 *


Innate Abilities, Weirdness & Mutations

You have a beak for a mouth.
You have claws for feet.
Your magical nature lets you fly swiftly and evasively.


Message History

The human hits you with a +0 club. The human closely misses you.
The human barely misses you. The human hits you but does no damage.
You barely miss the human. Your peck misses the human.
The human is heavily wounded.
The human hits you with a +0 club. The human hits you with a +0 club!
You are too injured to fight recklessly!
You are too injured to fight recklessly!
You hit the human. Lightning courses through the human!
Your kick misses the human.
The human is almost dead.
The human hits you with a +0 club. The human hits you but does no damage.
The human barely misses you. x2
You are too injured to fight recklessly!
You are too injured to fight recklessly!
Casting: Scorch (safe; 1% risk of failure)
Confirm with . or Enter, or press ? or * to list all spells.
Flames lash the human.
The human is burned terribly!
The human is almost dead.
The human misses you.
Casting: Scorch (safe; 1% risk of failure)
Confirm with . or Enter, or press ? or * to list all spells.
Flames lash the human.
You kill the human!
Your Fire Magic skill increases to level 8!
The human hits you with a +0 mace.
Casting: Scorch (safe; 1% risk of failure)
Confirm with . or Enter, or press ? or * to list all spells.
Flames lash the human.
The human is lightly wounded.
The human's fire resistance burns away.
The human hits you but does no damage. The human hits you with a +0 mace.
* * * LOW HITPOINT WARNING * * *
Casting: Scorch (safe; 1% risk of failure)
Confirm with . or Enter, or press ? or * to list all spells.
Flames lash the human.
The human is lightly wounded.
The human's fire resistance burns away.
The human hits you with a +0 mace!
* * * LOW HITPOINT WARNING * * *
The human hits you with a +0 mace!
You die...

*********####....########*******,
#............,,,,,,**
#....########******** #....# *,,,
#....# ******,,, #....# *,,,,,,,,
******#....# *,,,,,,,,
**,,......#.# *,,,,,,,,
*,**#####.#@# ***,*,,,,
**,*,,,,,#.#p# *,*,***
*,,*,∩.>.#.pp# ******,*,,,,
*,,*,....#...# **,,,,*,***,,
*,,**#####.#.#***,,,*,,,,,,,,
*,,,,,,,,..#.#≈≈≈≈≈≈*,,,,,*,,
**,,,,,,....!#***,,,*,,,,,,,,
******,,,,,...,#.#*,*,***,,,,,*,,
,,,,,,,***##..,#.#*,*,* *,,,,,*,,


You could see 3 humans.

Vanquished Creatures
  Grinder (D:6)
  A human (D:7)
  A steam dragon (D:6)
  A water moccasin (D:5)
  An acid dragon (D:5)
  A black bear (D:4)
  2 centaurs
  A bullfrog (D:6)
  4 scorpions
  2 howler monkeys
  3 jellies
  4 hounds
  An orc priest (D:6)
  4 iguanas
  2 orc wizards
  4 gnolls (D:4)
  4 adders
  A white imp (D:6)
  A worm (D:3)
  4 dart slugs
  12 orcs
  8 ball pythons
  8 bats
  9 endoplasms
  5 giant cockroaches
  4 goblins
  6 hobgoblins
  5 quokkas
  5 frilled lizards
  10 kobolds
  4 rats
  A spectral orc (D:3)
120 creatures vanquished.

Vanquished Creatures (others)
  370 foxfires
370 creatures vanquished.

Grand Total: 490 creatures vanquished

Notes
Turn   | Place    | Note
-------+----------+-------------------------------------------
     0 | D:1      | kae the Tengu Fire Elementalist began the quest for the
                  | Orb.
     0 | D:1      | Reached XP level 1. HP: 10/10 MP: 4/4
   381 | D:1      | Reached XP level 2. HP: 15/15 MP: 3/6
   577 | D:1      | Learned a level 2 spell: Scorch
   613 | D:1      | Learned a level 1 spell: Freeze
   906 | D:1      | Reached XP level 3. HP: 19/19 MP: 4/7
  1928 | D:2      | Found a faded altar of an unknown god.
  2920 | D:3      | Noticed an ice beast
  2953 | D:3      | Learned a level 3 spell: Conjure Flame
  3267 | D:3      | Found a basalt altar of Yredelemnul.
  3375 | D:3      | Reached XP level 4. HP: 24/24 MP: 5/9
  3985 | D:4      | Gained mutation: Your magical nature lets you fly swiftly
                  | and evasively. [Tengu growth]
  3985 | D:4      | Reached XP level 5. HP: 28/28 MP: 6/10
  4277 | D:4      | HP: 1/28 [iguana (14)]
  4693 | D:4      | Identified the +2 ring mail of the Stars {rF+}
  4874 | D:4      | Noticed a black bear
  4896 | D:4      | Killed a black bear
  4897 | D:4      | Reached skill level 5 in Fire Magic
  4897 | D:4      | Reached XP level 6. HP: 32/32 MP: 4/12
  4993 | D:4      | Learned a level 3 spell: Inner Flame
  5123 | D:4      | Reached skill level 5 in Conjurations
  5497 | D:5      | Entered Level 5 of the Dungeon
  5587 | D:5      | Reached XP level 7. HP: 33/36 MP: 1/14
  5812 | D:5      | Noticed a shadow
  5814 | D:5      | Found a shadowy altar of Dithmenos.
  5815 | D:5      | Found a hazy altar of Hepliaklqana.
  6079 | D:5      | Found Zaxunliz's Serpentskin Sales.
  6141 | D:5      | Bought a +0 leather armour of poison resistance for 66 gold
                  | pieces
  6661 | D:6      | Reached XP level 8. HP: 28/41 MP: 2/16
  6987 | D:5      | Reached skill level 5 in Spellcasting
  7268 | D:6      | Found a staircase to the Ecumenical Temple.
  7409 | Temple   | Entered the Ecumenical Temple
  7536 | Temple   | Became a worshipper of Ashenzari the Shackled
  7720 | D:6      | Noticed Grinder
  7726 | D:6      | Paralysed by Grinder for 6 turns
  7740 | D:6      | Paralysed by Grinder for 2 turns
  7743 | D:6      | Killed Grinder
  8226 | D:6      | Found a stormy altar of Qazlal.
  8240 | D:6      | Found a radiant altar of Vehumet.
  8243 | D:6      | Found a shimmering blue altar of Sif Muna.
  8251 | D:6      | Found a blossoming altar of Fedhas.
  8377 | D:7      | Reached XP level 9. HP: 42/45 MP: 9/19
  8382 | D:7      | Learned a level 4 spell: Flame Wave
  8842 | D:7      | Found Homoguen's Assorted Antiques.
  8867 | D:7      | Slain by a human

Illustrated notes

Levels and vault maps discovered:
D:1:      shiori_shiawase, layout_loops_corners, minmay_misc_feat_roman,
          chequers_serial_rivers_marsh
D:2:      layout_basic, hellmonk_ecumenical_altar_lost_god,
          kennysheep_generic_room_4
D:3:      layout_rooms, yredelemnul_forgotten_temple_becter
D:4:      minmay_angry_zag, layout_basic
D:5:      layout_basic, riverfiend_overflow_shadow_ancestor, guppyfry_shop_venom
D:6:      layout_rooms, grunt_temple_overflow_cloverleaf, temple_doors_e,
          uniq_grinder
D:7:      layout_basic, serial_shops, nicolae_take_the_stairs, shop,
          nicolae_shop_hallway_plus, grunt_ministairs_12,
          chequers_serial_rivers_micro_c, chequers_serial_rivers_micro_b,
          minmay_ruffians, uniq_maggie
Temple:   regret_index_temple_waves

Skill      XL: |  1  2  3  4  5  6  7  8  9 |
---------------+----------------------------+-----
Conjurations   | 2 3 4 5 6 8 |  8.8
Fire Magic     | 4 5 6 7 8 |  8.0
Spellcasting   | 3 4 6 |  6.4
Dodging        | |  2.1
Stealth        | |  2.0

Action                   |  1- 3 |  4- 6 |  7- 9 || total
-------------------------+-------+-------+-------++-------
Melee: Whip              |     9 |     2 |     5 ||    16
       Kick              |     4 |     2 |       ||     6
 Cast: Foxfire           |    91 |    76 |    66 ||   233
       Scorch            |     7 |    21 |    46 ||    74
       Conjure Flame     |       |     1 |       ||     1
  Use: Scroll            |     7 |     4 |     3 ||    14
       Potion            |       |       |     4 ||     4
 Stab: Sleeping          |     2 |       |       ||     2
Armor: Robe              |     6 |     4 |     1 ||    11
       Leather armour    |       |       |     2 ||     2
       Acid dragon scale |       |       |    10 ||    10
Dodge: Dodged            |    21 |    26 |    87 ||   134

Table legend: (Time is in decaauts)
 A = Elapsed time spent in this place.
 B = Non-inter-level travel time spent in this place.
 C = Inter-level travel time spent in this place.
 D = Time resting spent in this place.
 E = Time spent auto-exploring this place.
 F = Levels seen in this place.
 G = Mean time per level.
                   A        B        C        D        E       F      G
               +--------+--------+--------+--------+--------+-----+--------+
         Total |   8660 |   8386 |    274 |    166 |   7177 |   8 | 1082.5 |
       Dungeon |   8515 |   8295 |    220 |    166 |   7098 |   7 | 1216.4 |
        Temple |    145 |     91 |     54 |      0 |     79 |   1 |  145.0 |
               +--------+--------+--------+--------+--------+-----+--------+

Top non-repeatable levels by time:
     D:4: 1660 daAuts
     D:1: 1409 daAuts
     D:5: 1348 daAuts
     D:2: 1341 daAuts
     D:6: 1306 daAuts
     D:3: 1026 daAuts
     D:7: 422 daAuts
  Temple: 145 daAuts
